| TOP OF THE 1ST |
|
Mahoning Valley Scrappers batting - Pitching for Minnesota (NYP) Twins : LHP Mike Horton
|
|
Pitching: LHP Mike Horton
|
|
|
Batting: LHB John Harring
|
0-0: Ball 1-0: Fly out, F7 (Flyball, 7LD, EV 101.2 MPH)
|
|
Batting: RHB Juan Padilla
|
0-0: Fly out, F3 (Line Drive, 3, EV 72.5 MPH)
|
|
Batting: RHB Ryan Gautney
|
0-0: Ball 1-0: Fly out, F7 (Flyball, 78D, EV 105.6 MPH)
|
| Top of the 1st over - 0 runs, 0 hits, 0 errors, 0 left on base; Mahoning Valley 0 - Minnesota (NYP) 0 |
| BOTTOM OF THE 1ST |
|
Minnesota (NYP) Twins batting - Pitching for Mahoning Valley Scrappers : RHP Joe Zeiset
|
|
Pitching: RHP Joe Zeiset
|
|
|
Batting: LHB Chris Munguia
|
0-0: Ball 1-0: Foul Ball, location: 2F 1-1: Foul Ball, location: 2F 1-2: Foul Ball, location: 2F 1-2: Ground out U3 (Groundball, 3, EV 86.9 MPH)
|
|
Batting: LHB Seung-jun Chang
|
0-0: Ball 1-0: Called Strike 1-1: Ball 2-1: Swinging Strike 2-2: Strikes out swinging
|
|
Batting: RHB Miguel Diaz
|
0-0: Fly out, F9 (Flyball, 89S, EV 91.2 MPH)
|
| Bottom of the 1st over - 0 runs, 0 hits, 0 errors, 0 left on base; Mahoning Valley 0 - Minnesota (NYP) 0 |
| TOP OF THE 2ND |
|
Mahoning Valley Scrappers batting - Pitching for Minnesota (NYP) Twins : LHP Mike Horton
|
|
Batting: RHB Jeremy Givens
|
0-0: Foul Ball, location: 2F 0-1: Foul Ball, location: 2F 0-2: Strikes out swinging
|
|
Batting: LHB Devon Grant
|
0-0: Called Strike 0-1: Called Strike 0-2: Ball 1-2: Foul Ball, location: 2F 1-2: Ball 2-2: Ball 3-2: Ground out 5-3 (Groundball, 56, EV 90.6 MPH)
|
|
Batting: RHB Andy Lewis
|
0-0: Ball 1-0: TRIPLE (Flyball, 8LXD, EV 109.4 MPH)
|
|
Batting: RHB Blake Kelly
|
0-0: Ground out 4-3 (Groundball, 4, EV 98.8 MPH)
|
| Top of the 2nd over - 0 runs, 1 hit, 0 errors, 1 left on base; Mahoning Valley 0 - Minnesota (NYP) 0 |
| BOTTOM OF THE 2ND |
|
Minnesota (NYP) Twins batting - Pitching for Mahoning Valley Scrappers : RHP Joe Zeiset
|
|
Batting: RHB Jose Nunez
|
0-0: Called Strike 0-1: Swinging Strike 0-2: Ball 1-2: Ball 2-2: Ball 3-2: Fly out, F8 (Flyball, 8RD, EV 97.5 MPH)
|
|
Batting: RHB Graham Calvert
|
0-0: Foul Ball, location: 2F 0-1: SINGLE (Groundball, 6MD, EV 108.8 MPH)
|
|
Batting: RHB Tony Crespo
|
0-0: Called Strike 0-1: Foul Ball, location: 2F 0-2: Strikes out swinging
|
|
Batting: RHB Manuel Juarez
|
0-0: Ball 1-0: Called Strike 1-1: Called Strike 1-2: Foul Ball, location: 2F 1-2: Strikes out swinging
|
| Bottom of the 2nd over - 0 runs, 1 hit, 0 errors, 1 left on base; Mahoning Valley 0 - Minnesota (NYP) 0 |
| TOP OF THE 3RD |
|
Mahoning Valley Scrappers batting - Pitching for Minnesota (NYP) Twins : LHP Mike Horton
|
|
Batting: RHB Gashie Chimsima
|
0-0: Hit by Pitch
|
|
Batting: RHB Willie Gonzales
|
0-0: Ball 1-0: Foul Ball, location: 2F 1-1: Ball 2-1: Called Strike 2-2: DOUBLE (Line Drive, 89M, EV 97.5 MPH) Gashie Chimsima to third
|
|
Batting: LHB John Harring
|
0-0: Called Strike 0-1: Swinging Strike 0-2: Ball 1-2: Ball 2-2: Foul Ball, location: 2F 2-2: Ball 3-2: Ground out 5-3 (Groundball, 56S, EV 88.1 MPH) Gashie Chimsima scores
|
|
Batting: RHB Juan Padilla
|
0-0: Ball 1-0: Called Strike 1-1: Ball Wild Pitch! Willie Gonzales to third 2-1: Foul Ball, location: 2F 2-2: Hit by Pitch
|
|
Batting: RHB Ryan Gautney
|
0-0: Ball 1-0: Ball Juan Padilla steals 2nd base 2-0: Called Strike 2-1: Ground out 6-3 (Groundball, 6, EV 107.5 MPH) Willie Gonzales scores
|
|
Batting: RHB Jeremy Givens
|
0-0: Called Strike 0-1: Ball Wild Pitch! Juan Padilla to third 1-1: Ball 2-1: Fly out, F8 (Line Drive, 8RM, EV 101.9 MPH)
|
| Top of the 3rd over - 2 runs, 1 hit, 0 errors, 1 left on base; Mahoning Valley 2 - Minnesota (NYP) 0 |
| BOTTOM OF THE 3RD |
|
Minnesota (NYP) Twins batting - Pitching for Mahoning Valley Scrappers : RHP Joe Zeiset
|
|
Batting: SHB Donell Burney
|
0-0: Ground out 4-3 (Groundball, 4, EV 100.6 MPH)
|
|
Batting: RHB Alex Loaiza
|
0-0: Swinging Strike 0-1: Swinging Strike 0-2: Ball 1-2: Strikes out swinging
|
|
Batting: LHB Chris Munguia
|
0-0: Swinging Strike 0-1: Swinging Strike 0-2: Ball 1-2: Foul Ball, location: 2F 1-2: Foul Ball, location: 2F 1-2: Strikes out swinging
|
| Bottom of the 3rd over - 0 runs, 0 hits, 0 errors, 0 left on base; Mahoning Valley 2 - Minnesota (NYP) 0 |
| TOP OF THE 4TH |
|
Mahoning Valley Scrappers batting - Pitching for Minnesota (NYP) Twins : LHP Mike Horton
|
|
Batting: LHB Devon Grant
|
0-0: Called Strike 0-1: Ball 1-1: DOUBLE (Flyball, 8LD, EV 91.2 MPH)
|
|
Batting: RHB Andy Lewis
|
0-0: Ball 1-0: Called Strike 1-1: Ball 2-1: Ball 3-1: Foul Ball, location: 2F 3-2: Foul Ball, location: 2F 3-2: DOUBLE (Line Drive, 78D, EV 110.6 MPH) Devon Grant scores
|
|
Batting: RHB Blake Kelly
|
0-0: Ball 1-0: Called Strike 1-1: Swinging Strike 1-2: Foul Ball, location: 2F 1-2: Ground out 6-3 (Groundball, 6, EV 83.1 MPH) Andy Lewis to third
|
|
Batting: RHB Gashie Chimsima
|
0-0: Ball 1-0: Foul Ball, location: 2F 1-1: Ball 2-1: Foul Ball, location: 2F 2-2: Strikes out looking
|
|
Batting: RHB Willie Gonzales
|
0-0: Ball 1-0: Foul Ball, location: 2F 1-1: Foul Ball, location: 2F 1-2: Fly out, F9 (Flyball, 89M, EV 83.8 MPH)
|
| Top of the 4th over - 1 run, 2 hits, 0 errors, 1 left on base; Mahoning Valley 3 - Minnesota (NYP) 0 |
| BOTTOM OF THE 4TH |
|
Minnesota (NYP) Twins batting - Pitching for Mahoning Valley Scrappers : RHP Joe Zeiset
|
|
Batting: LHB Seung-jun Chang
|
0-0: Ball 1-0: Called Strike 1-1: Ground out 6-3 (Groundball, 6, EV 87.5 MPH)
|
|
Batting: RHB Miguel Diaz
|
0-0: Ground out U3 (Groundball, 34, EV 86.9 MPH)
|
|
Batting: RHB Jose Nunez
|
0-0: Foul Ball, location: 2F 0-1: Ball 1-1: Swinging Strike 1-2: Ball 2-2: Strikes out swinging
|
| Bottom of the 4th over - 0 runs, 0 hits, 0 errors, 0 left on base; Mahoning Valley 3 - Minnesota (NYP) 0 |
| TOP OF THE 5TH |
|
Mahoning Valley Scrappers batting - Pitching for Minnesota (NYP) Twins : LHP Mike Horton
|
|
Batting: LHB John Harring
|
0-0: Called Strike 0-1: Called Strike 0-2: Ball 1-2: SINGLE (Groundball, 56D, EV 105.0 MPH) (infield hit)
|
|
Pitching: RHP Kevin Colgin
|
|
|
Batting: RHB Juan Padilla
|
0-0: Ball John Harring is caught stealing 2nd base 2-4 1-0: Swinging Strike 1-1: Ball 2-1: Foul Ball, location: 2F 2-2: Ground out 6-3 (Groundball, 6S, EV 69.4 MPH)
|
|
Batting: RHB Ryan Gautney
|
0-0: Ground out 6-3 (Groundball, 6, EV 85.6 MPH)
|
| Top of the 5th over - 0 runs, 1 hit, 0 errors, 0 left on base; Mahoning Valley 3 - Minnesota (NYP) 0 |
| BOTTOM OF THE 5TH |
|
Minnesota (NYP) Twins batting - Pitching for Mahoning Valley Scrappers : RHP Joe Zeiset
|
|
Batting: RHB Graham Calvert
|
0-0: Ball 1-0: Foul Ball, location: 2F 1-1: Foul Ball, location: 2F 1-2: Strikes out swinging
|
|
Batting: RHB Tony Crespo
|
0-0: Called Strike 0-1: Ball 1-1: Foul Ball, location: 2F 1-2: Strikes out swinging
|
|
Batting: RHB Manuel Juarez
|
0-0: Ball 1-0: Ball 2-0: Ground out 5-3 (Groundball, 5L, EV 100.0 MPH)
|
| Bottom of the 5th over - 0 runs, 0 hits, 0 errors, 0 left on base; Mahoning Valley 3 - Minnesota (NYP) 0 |
| TOP OF THE 6TH |
|
Mahoning Valley Scrappers batting - Pitching for Minnesota (NYP) Twins : RHP Kevin Colgin
|
|
Batting: RHB Jeremy Givens
|
0-0: Ball 1-0: Fly out, F9 (Flyball, 9, EV 87.5 MPH)
|
|
Batting: LHB Devon Grant
|
0-0: Ground out 4-3 (Groundball, 4, EV 106.9 MPH)
|
|
Batting: RHB Andy Lewis
|
0-0: Called Strike 0-1: Ball 1-1: Called Strike 1-2: Ball 2-2: Hit by Pitch
|
|
Batting: RHB Blake Kelly
|
0-0: Ball 1-0: Called Strike 1-1: Ball 2-1: Called Strike 2-2: DOUBLE (Groundball, 5L, EV 104.4 MPH) Andy Lewis to third
|
|
Pitching: RHP Matt Lundy
|
|
|
Batting: RHB Gashie Chimsima
|
0-0: Called Strike 0-1: Ball 1-1: Called Strike 1-2: Ground out 6-3 (Groundball, 6, EV 91.2 MPH)
|
| Top of the 6th over - 0 runs, 1 hit, 0 errors, 2 left on base; Mahoning Valley 3 - Minnesota (NYP) 0 |
| BOTTOM OF THE 6TH |
|
Minnesota (NYP) Twins batting - Pitching for Mahoning Valley Scrappers : RHP Joe Zeiset
|
|
Batting: SHB Donell Burney
|
0-0: Called Strike 0-1: Foul Ball, location: 2F 0-2: Foul Ball, location: 2F 0-2: Hit by Pitch
|
|
Pinch Runner at 1st Kelly Watson:
|
|
|
Batting: RHB Alex Loaiza
|
0-0: Ball 1-0: Called Strike 1-1: Swinging Strike 1-2: Strikes out swinging
|
|
Batting: LHB Chris Munguia
|
0-0: Foul Ball, location: 2F 0-1: Ball 1-1: Ball 2-1: Ball 3-1: Base on Balls Kelly Watson to second
|
|
Batting: LHB Seung-jun Chang
|
0-0: TRIPLE (Flyball, 89XD, EV 100.0 MPH) Kelly Watson scores Chris Munguia scores
|
|
Batting: RHB Miguel Diaz
|
0-0: Called Strike 0-1: Called Strike 0-2: Strikes out swinging
|
|
Pitching: LHP Victor Garcia
|
|
|
Batting: RHB Jose Nunez
|
0-0: Called Strike 0-1: Fly out, F3 (Popup, 3S, EV 70.6 MPH)
|
| Bottom of the 6th over - 2 runs, 1 hit, 0 errors, 1 left on base; Mahoning Valley 3 - Minnesota (NYP) 2 |
| TOP OF THE 7TH |
|
Mahoning Valley Scrappers batting - Pitching for Minnesota (NYP) Twins : RHP Matt Lundy
|
|
Now at 2B: Ben Berger
|
|
|
Now at SS: Seung-jun Chang
|
|
|
Batting: RHB Willie Gonzales
|
0-0: Ball 1-0: Swinging Strike 1-1: Called Strike 1-2: Ball 2-2: Ground out 5-3 (Groundball, 56, EV 106.2 MPH)
|
|
Batting: LHB John Harring
|
0-0: SINGLE (Flyball, 6MD, EV 85.0 MPH)
|
|
Batting: RHB Juan Padilla
|
0-0: Ball John Harring is caught stealing 2nd base 2-4 1-0: Ball 2-0: Called Strike 2-1: Fly out, F3 (Line Drive, 3, EV 73.8 MPH)
|
| Top of the 7th over - 0 runs, 1 hit, 0 errors, 0 left on base; Mahoning Valley 3 - Minnesota (NYP) 2 |
| BOTTOM OF THE 7TH |
|
Minnesota (NYP) Twins batting - Pitching for Mahoning Valley Scrappers : LHP Victor Garcia
|
|
Batting: RHB Graham Calvert
|
0-0: Ball 1-0: Swinging Strike 1-1: Fly out, F4 (Flyball, 34D, EV 89.4 MPH)
|
|
DELAY
|
Rain delay of 15 minutes in the 7th inning.
|
|
Batting: RHB Tony Crespo
|
0-0: SINGLE (Groundball, 6MD, EV 93.8 MPH)
|
|
Batting: RHB Manuel Juarez
|
0-0: Foul Ball, location: 2F 0-1: Ball 1-1: Called Strike 1-2: Ball 2-2: Foul Ball, location: 2F 2-2: Ball 3-2: Strikes out swinging Tony Crespo is caught stealing 2nd base 2-4 Batter strikes out.
|
| Bottom of the 7th over - 0 runs, 1 hit, 0 errors, 0 left on base; Mahoning Valley 3 - Minnesota (NYP) 2 |
| TOP OF THE 8TH |
|
Mahoning Valley Scrappers batting - Pitching for Minnesota (NYP) Twins : RHP Matt Lundy
|
|
Batting: RHB Ryan Gautney
|
0-0: Called Strike 0-1: SINGLE (Groundball, 56D, EV 106.2 MPH)
|
|
Batting: RHB Jeremy Givens
|
0-0: Ball 1-0: Called Strike 1-1: SINGLE (Groundball, 5S, EV 65.0 MPH) (infield hit) Ryan Gautney to second
|
|
Batting: LHB Devon Grant
|
0-0: Called Strike 0-1: DOUBLE (Flyball, 89D, EV 102.5 MPH) Ryan Gautney scores Jeremy Givens to third
|
|
Batting: RHB Andy Lewis
|
0-0: Intentional Walk
|
|
Batting: RHB Blake Kelly
|
0-0: Ball 1-0: Ball 2-0: Ball 3-0: Base on Balls Jeremy Givens scores Devon Grant to third Andy Lewis to second
|
|
Batting: RHB Gashie Chimsima
|
0-0: Ball 1-0: Ball 2-0: Called Strike 2-1: Ball 3-1: Base on Balls Devon Grant scores Andy Lewis to third Blake Kelly to second
|
|
Batting: RHB Willie Gonzales
|
0-0: Ball 1-0: Ball 2-0: Ball 3-0: Called Strike 3-1: Base on Balls Andy Lewis scores Blake Kelly to third Gashie Chimsima to second
|
|
Batting: LHB John Harring
|
0-0: Ball 1-0: SINGLE (Groundball, 4MD, EV 103.8 MPH) Blake Kelly scores Gashie Chimsima to third Willie Gonzales to second Runner from 3rd tries for Home, SAFE, throw by CF to home
|
|
Batting: RHB Juan Padilla
|
0-0: SINGLE (Groundball, 4M, EV 105.0 MPH) (infield hit) Willie Gonzales to third John Harring to second
|
|
Batting: RHB Ryan Gautney
|
0-0: SINGLE (Flyball, 6MD, EV 90.6 MPH) Willie Gonzales scores John Harring to third Juan Padilla to second
|
|
Batting: RHB Jeremy Givens
|
0-0: Fielders Choice at 2nd, 5-4 (Groundball, 56, EV 89.4 MPH) John Harring scores Juan Padilla to third
|
|
Pitching: RHP Ruben Torres
|
|
|
Batting: LHB Devon Grant
|
0-0: Ball 1-0: Called Strike 1-1: Called Strike 1-2: Fly out, F8 (Flyball, 8LS, EV 79.4 MPH)
|
|
Pinch Hitting: LHB Tom Bemis
|
0-0: Ball 1-0: Swinging Strike 1-1: DOUBLE (Line Drive, 7LM, EV 103.1 MPH) Juan Padilla scores Jeremy Givens to third Runner from 3rd tries for Home, SAFE, throw by LF to home
|
|
Batting: RHB Blake Kelly
|
0-0: Ball 1-0: Called Strike 1-1: Ball 2-1: Swinging Strike 2-2: Foul Ball, location: 2F 2-2: Fly out, F8 (Line Drive, 8RM, EV 93.8 MPH)
|
| Top of the 8th over - 10 runs, 7 hits, 0 errors, 1 left on base; Mahoning Valley 13 - Minnesota (NYP) 2 |
| BOTTOM OF THE 8TH |
|
Minnesota (NYP) Twins batting - Pitching for Mahoning Valley Scrappers : LHP Victor Garcia
|
|
Now in LF: Ricky Cordova
|
|
|
Batting: RHB Ben Berger
|
0-0: Ground out 4-3 (Groundball, 4S, EV 91.2 MPH)
|
|
Batting: RHB Alex Loaiza
|
0-0: Called Strike 0-1: Ball 1-1: Ball 2-1: Swinging Strike 2-2: Strikes out looking
|
|
Batting: LHB Chris Munguia
|
0-0: Called Strike 0-1: Foul Ball, location: 2F 0-2: Foul Ball, location: 2F 0-2: SINGLE (Line Drive, 9S, EV 95.6 MPH)
|
|
Batting: LHB Seung-jun Chang
|
0-0: Ball 1-0: Ball 2-0: Ground out 5-3 (Groundball, 56S, EV 68.8 MPH)
|
| Bottom of the 8th over - 0 runs, 1 hit, 0 errors, 1 left on base; Mahoning Valley 13 - Minnesota (NYP) 2 |
| TOP OF THE 9TH |
|
Mahoning Valley Scrappers batting - Pitching for Minnesota (NYP) Twins : RHP Ruben Torres
|
|
Batting: RHB Gashie Chimsima
|
0-0: Called Strike 0-1: Foul Ball, location: 2F 0-2: Ball 1-2: Foul Ball, location: 2F 1-2: Ground out 3-1 (Groundball, 34S, EV 86.9 MPH)
|
|
Batting: RHB Willie Gonzales
|
0-0: Ball 1-0: SINGLE (Groundball, 56D, EV 103.1 MPH)
|
|
Batting: LHB John Harring
|
0-0: Ground out 6-3 (Groundball, 56D, EV 107.5 MPH) Willie Gonzales to second
|
|
Batting: RHB Juan Padilla
|
0-0: Called Strike 0-1: Ball 1-1: Ground out 4-3 (Groundball, 4, EV 78.1 MPH)
|
| Top of the 9th over - 0 runs, 1 hit, 0 errors, 1 left on base; Mahoning Valley 13 - Minnesota (NYP) 2 |
| BOTTOM OF THE 9TH |
|
Minnesota (NYP) Twins batting - Pitching for Mahoning Valley Scrappers : LHP Victor Garcia
|
|
Pinch Hitting: RHB Mario Salazar
|
0-0: Ball 1-0: Ball 2-0: Called Strike 2-1: Ground out 5-3 (Groundball, 56S, EV 65.6 MPH)
|
|
Batting: RHB Jose Nunez
|
0-0: Fly out, F7 (Flyball, 7S, EV 94.4 MPH)
|
|
Batting: RHB Graham Calvert
|
0-0: Called Strike 0-1: Ball 1-1: Ball 2-1: Ground out 4-3 (Groundball, 4S, EV 81.9 MPH)
|
| Bottom of the 9th over - 0 runs, 0 hits, 0 errors, 0 left on base; Mahoning Valley 13 - Minnesota (NYP) 2 |
|